Senators vs Monarchs
(R1)
Created - 28 novembre 2013 at 18:59
Goals
|
| Senators |
3 |
0 |
2 |
5 |
| Monarchs |
1 |
1 |
1 |
3 |
|
Shots
|
| Senators |
12 |
10 |
10 |
32 |
| Monarchs |
9 |
13 |
6 |
28 |
|
1st period
1. Senators , Nikolai Kulemin 12 (Stanislav Chistov, Milan Jurcina) at 9:53
2. Senators , B.J. Crombeen 10 (Gilbert Brule) at 16:09
3. Senators , Jack Skille 5 (Milan Jurcina) at 17:37
4. Monarchs , Jarret Stoll 9 (Patrik Berglund, Jason Chimera) at 17:51
Penalties :
Raphael Diaz (MAN) for Goalie Interference (Minor) at 0:43, Jack Skille (BIN) for Hooking (Minor) at 5:03, Logan Stephenson (BIN) for Interference (Minor) at 13:01
2nd period
5. Monarchs , Jarret Stoll 10 (Jason Chimera, Patrik Berglund) at 2:45
Penalties :
Jonathan Matsumoto (MAN) for Holding (Minor) at 5:56, Ryan Parent (BIN) for Tripping (Minor) at 5:56, Tommy Wingels (MAN) for Hooking (Minor) at 8:16, Mikkel Boedker (MAN) for Hooking (Minor) at 13:13, Vladimir Mihalik (BIN) for Slashing (Minor) at 13:13, Stanislav Chistov (BIN) for Holding (Minor) at 15:40, Vladimir Mihalik (BIN) for Hooking (Minor) at 18:23
3rd period
6. Monarchs , Mikkel Boedker 6 (Raphael Diaz, Sean Zimmerman) at 2:32
7. Senators , Stanislav Chistov 8 (Nikolai Kulemin, Gilbert Brule) at 11:31
8. Senators , Josh Hennessy 10 (Ryan Parent, Jack Skille) at 17:25
Penalties :
Karl Alzner (BIN) for Hooking (Minor) at 4:59, Chris Clark (MAN) for Hooking (Minor) at 11:40, Milan Jurcina (BIN) for Holding (Minor) at 14:33, Vladimir Mihalik (BIN) for Delaying the game (Minor) at 14:40
Goalie Stats
Jeff Deslauriers (BIN), 25 saves from 28 shots - (0,893), W, 11-2-1, 60:00 minutes
Braden Holtby (MAN), 27 saves from 32 shots - (0,844), L, 5-7-1, 60:00 minutes
Players Stats for Senators
Player Name G A P +/- PIM S H SB GA TA FO MP PP MP PK MP
------------------------------------------------------------------------------------
B.J. Crombeen 1 0 1 -1 0 5 2 2 1 1 6/14 22:05 2:53 6:39
Brett Sterling 0 0 0 2 0 1 1 2 0 0 0/0 12:37 0:03 2:31
Cody Hodgson 0 0 0 1 0 0 0 0 0 0 1/8 10:54 0:00 0:00
Dylan Hunter 0 0 0 0 0 1 2 0 0 0 0/0 7:35 0:00 0:35
Gilbert Brule 0 2 2 -1 0 4 0 0 1 0 17/26 18:00 2:33 3:09
Jack Skille 1 1 2 2 2 3 1 0 1 0 0/0 9:59 0:03 0:00
Josh Hennessy 1 0 1 2 0 2 0 1 0 0 4/6 11:29 3:00 0:00
Karl Alzner 0 0 0 1 2 0 2 1 0 0 0/0 20:49 2:23 4:28
Logan Stephenson 0 0 0 1 2 1 1 2 0 1 0/0 15:01 0:00 3:24
Mark Olver 0 0 0 0 0 0 0 0 0 0 0/2 6:40 0:00 0:00
Milan Jurcina 0 2 2 1 2 2 0 0 0 0 0/0 22:09 2:23 5:17
Niklas Hagman 0 0 0 -1 0 2 2 0 0 0 1/3 21:35 2:54 6:15
Nikolai Kulemin 1 1 2 1 0 2 0 0 1 0 1/2 18:23 3:00 2:57
Ryan Parent 0 1 1 0 2 3 0 2 0 2 0/0 27:13 3:34 6:30
Shane Sims 0 0 0 1 0 0 0 0 0 0 0/0 10:59 0:00 0:21
Stanislav Chistov 1 1 2 1 2 4 0 0 0 1 0/0 13:53 3:00 0:00
Steven Goertzen 0 0 0 0 0 1 1 0 0 1 0/0 8:03 0:25 0:00
Vladimir Mihalik 0 0 0 0 6 1 2 1 0 2 0/0 24:36 3:34 4:05
Players Stats for Monarchs
Player Name G A P +/- PIM S H SB GA TA FO MP PP MP PK MP
------------------------------------------------------------------------------------
Alec Martinez 0 0 0 -1 0 0 1 0 0 0 0/0 9:24 0:00 0:00
Carl Hagelin 0 0 0 -1 0 0 0 0 0 0 0/0 10:30 5:19 0:00
Chris Clark 0 0 0 0 2 1 0 0 1 1 0/0 19:03 5:19 1:43
Colby Robak 0 0 0 -1 0 0 0 1 0 1 0/0 8:08 0:00 0:00
Denis Hamel 0 0 0 0 0 1 1 0 0 0 0/0 11:43 0:32 1:32
Jamie McGinn 0 0 0 -1 0 0 0 0 0 0 0/0 5:30 0:00 0:00
Jarret Stoll 2 0 2 -1 0 3 1 0 1 0 2/5 22:54 6:13 2:14
Jason Chimera 0 2 2 -1 0 1 1 0 1 0 2/3 16:04 0:13 1:50
Jonathan Matsumoto 0 0 0 0 2 3 0 0 1 0 5/9 18:50 5:19 1:39
Kevin Marshall 0 0 0 -1 0 0 1 0 0 0 0/0 7:33 0:00 2:30
Maxime Macenauer 0 0 0 -1 0 1 0 0 1 0 2/5 9:46 0:00 2:56
Michael Haley 0 0 0 0 0 0 0 0 0 0 0/0 7:54 0:00 0:00
Mikkel Boedker 1 0 1 0 2 8 1 0 0 0 2/3 17:20 5:53 0:00
Nate Prosser 0 0 0 0 0 4 1 4 0 0 0/0 19:28 4:18 2:30
Patrik Berglund 0 2 2 -1 0 1 2 1 0 0 14/31 20:49 6:20 0:00
Raphael Diaz 0 1 1 0 2 1 0 4 1 0 0/0 20:24 4:18 0:00
Sean Zimmerman 0 1 1 0 0 1 2 2 2 0 0/0 28:39 7:03 3:27
Slava Voynov 0 0 0 -1 0 0 0 0 0 0 0/0 13:23 7:43 0:00
Tommy Wingels 0 0 0 0 2 3 0 0 0 0 4/5 9:06 0:55 0:00
Travis Hamonic 0 0 0 0 0 0 0 0 0 2 0/0 13:32 0:40 3:27
3 Stars
1 - Jarret Stoll (MAN)
2 - Nikolai Kulemin (BIN)
3 - Jack Skille (BIN)
Power Play
Senators - 0 on 3 Attempt(s) - 0,00%
Monarchs - 0 on 7 Attempt(s) - 0,00%
Penalty Kill
Senators - 7 on 7 Attempt(s) - 100,00%
- Score 0 goal in Penalty Kill
Monarchs - 3 on 3 Attempt(s) - 100,00%
- Score 0 goal in Penalty Kill
Official
Referees : Fraser Kerry and Kowal Tom
Linesman : Dan Schachte and Ryan Galloway
Game Notes
No Game Note
Finance
Level 1 -- Attendance: 1463 (73,15%) -- Ticket Income 51 205 $
Level 2 -- Attendance: 805 (80,50%) -- Ticket Income 12 075 $
Total Attendance: 2268 (75,60%)
Total Ticket Income: 63 280 $
Other Income: 3 164 $
Total Income: 66 444 $
Senators
5 vs 5 Forward
Center Left Wing Right Wing Time % Phy DF OF
1 Gilbert Brule Niklas Hagman B.J. Crombeen 40 1 2 2
2 Cody Hodgson Nikolai Kulemin Stanislav Chistov 30 1 2 2
3 Josh Hennessy Brett Sterling Jack Skille 20 1 2 2
4 Mark Olver Dylan Hunter Steven Goertzen 10 1 2 2
5 vs 5 Defense
Defense Defense Time % Phy DF OF
1 Ryan Parent Vladimir Mihalik 40 1 2 2
2 Milan Jurcina Karl Alzner 30 1 2 2
3 Logan Stephenson Shane Sims 20 1 2 2
4 Ryan Parent Vladimir Mihalik 10 1 2 2
PowerPlay Forward
Center Left Wing Right Wing Time % Phy DF OF
1 Gilbert Brule Niklas Hagman B.J. Crombeen 60 1 2 2
2 Josh Hennessy Nikolai Kulemin Stanislav Chistov 40 1 2 2
PowerPlay Defense
Defense Defense Time % Phy DF OF
1 Ryan Parent Vladimir Mihalik 60 1 2 2
2 Milan Jurcina Karl Alzner 40 1 2 2
Penalty Kill 4 Players Forward
Center Wing Time % Phy DF OF
1 B.J. Crombeen Niklas Hagman 60 1 2 2
2 Gilbert Brule Nikolai Kulemin 40 1 2 2
Penalty Kill 4 Players Defense
Defense Defense Time % Phy DF OF
1 Ryan Parent Vladimir Mihalik 60 1 2 2
2 Milan Jurcina Karl Alzner 40 1 2 2
Penalty Kill - 3 Players Forward
Forward Time % Phy DF OF
1 B.J. Crombeen 60 1 2 2
2 Niklas Hagman 40 1 2 2
Penalty Kill - 3 Players Defense
Defense Defense Time % Phy DF OF
1 Ryan Parent Vladimir Mihalik 60 1 2 2
2 Milan Jurcina Karl Alzner 40 1 2 2
4 vs 4 Forward
Center Wing Time % Phy DF OF
1 B.J. Crombeen Niklas Hagman 60 1 2 2
2 Gilbert Brule Nikolai Kulemin 40 1 2 2
4 vs 4 Defense
Defense Defense Time % Phy DF OF
1 Ryan Parent Vladimir Mihalik 60 1 2 2
2 Milan Jurcina Karl Alzner 40 1 2 2
Last Minutes Offensive
Center Left Wing Right Wing Defense Defense
Gilbert Brule Niklas Hagman B.J. Crombeen Ryan Parent Vladimir Mihalik
Last Minutes Defensive
Center Left Wing Right Wing Defense Defense
Gilbert Brule Niklas Hagman B.J. Crombeen Ryan Parent Vladimir Mihalik
Goaltenders
Starting : Jeff Deslauriers
Backup : Jacob Markstrom
Extra Forwards
Normal : Steven Goertzen, Jack Skille, Brett Sterling - PP : Steven Goertzen, Jack Skille - PK : Brett Sterling
Extra Defensemen
Normal : Logan Stephenson, Milan Jurcina, Shane Sims - PP : Logan Stephenson - PK : Milan Jurcina, Logan Stephenson
Penalty Shots
B.J. Crombeen, Niklas Hagman, Gilbert Brule, Nikolai Kulemin, Stanislav Chistov
Monarchs
5 vs 5 Forward
Center Left Wing Right Wing Time % Phy DF OF
1 Patrik Berglund Jason Chimera Jarret Stoll 45 1 1 3
2 Jonathan Matsumoto Chris Clark Mikkel Boedker 30 1 2 2
3 Tommy Wingels Michael Haley Denis Hamel 15 2 1 2
4 Maxime Macenauer Jamie McGinn Carl Hagelin 10 1 2 2
5 vs 5 Defense
Defense Defense Time % Phy DF OF
1 Sean Zimmerman Raphael Diaz 40 1 2 2
2 Nate Prosser Travis Hamonic 30 1 2 2
3 Alec Martinez Colby Robak 20 1 2 2
4 Slava Voynov Kevin Marshall 10 1 3 1
PowerPlay Forward
Center Left Wing Right Wing Time % Phy DF OF
1 Patrik Berglund Jarret Stoll Mikkel Boedker 70 1 1 3
2 Jonathan Matsumoto Carl Hagelin Chris Clark 30 1 1 3
PowerPlay Defense
Defense Defense Time % Phy DF OF
1 Sean Zimmerman Slava Voynov 70 0 2 3
2 Raphael Diaz Nate Prosser 30 0 2 3
Penalty Kill 4 Players Forward
Center Wing Time % Phy DF OF
1 Maxime Macenauer Chris Clark 60 1 3 1
2 Jarret Stoll Jason Chimera 40 2 3 0
Penalty Kill 4 Players Defense
Defense Defense Time % Phy DF OF
1 Travis Hamonic Sean Zimmerman 60 2 3 0
2 Kevin Marshall Nate Prosser 40 2 3 0
Penalty Kill - 3 Players Forward
Forward Time % Phy DF OF
1 Jarret Stoll 60 1 3 1
2 Maxime Macenauer 40 1 3 1
Penalty Kill - 3 Players Defense
Defense Defense Time % Phy DF OF
1 Travis Hamonic Sean Zimmerman 60 2 3 0
2 Nate Prosser Alec Martinez 40 2 3 0
4 vs 4 Forward
Center Wing Time % Phy DF OF
1 Jarret Stoll Mikkel Boedker 60 1 2 2
2 Patrik Berglund Chris Clark 40 1 2 2
4 vs 4 Defense
Defense Defense Time % Phy DF OF
1 Sean Zimmerman Nate Prosser 60 1 2 2
2 Raphael Diaz Alec Martinez 40 1 2 2
Last Minutes Offensive
Center Left Wing Right Wing Defense Defense
Patrik Berglund Jarret Stoll Mikkel Boedker Sean Zimmerman Raphael Diaz
Last Minutes Defensive
Center Left Wing Right Wing Defense Defense
Jarret Stoll Jason Chimera Chris Clark Travis Hamonic Sean Zimmerman
Goaltenders
Starting : Braden Holtby
Backup : Michael Leighton
Extra Forwards
Normal : Patrik Berglund, Mikkel Boedker, Jarret Stoll - PP : Tommy Wingels, Carl Hagelin - PK : Jonathan Matsumoto
Extra Defensemen
Normal : Travis Hamonic, Kevin Marshall, Slava Voynov - PP : Travis Hamonic - PK : Colby Robak, Raphael Diaz
Penalty Shots
Patrik Berglund, Mikkel Boedker, Jarret Stoll, Michael Haley, Chris Clark
% Time on Ice - Senators
Lines # - Real PCT - Wanted PCT - Time Play
Normal Forward
1 - 30% - 40% - 11:25
2 - 29% - 30% - 11:11
3 - 23% - 20% - 8:48
4 - 18% - 10% - 6:40
Normal Defense
1 - 40% - 40% - 15:12
2 - 32% - 30% - 12:15
3 - 26% - 20% - 9:50
4 - 2% - 10% - 0:47
PP Forward
1 - 50% - 60% - 2:57
2 - 50% - 40% - 3:00
PP Defense
1 - 60% - 60% - 3:34
2 - 40% - 40% - 2:23
PK Forward
1 - 70% - 60% - 7:08
2 - 30% - 40% - 3:01
PK Defense
1 - 61% - 60% - 6:12
2 - 39% - 40% - 3:57
PK3 Forward
1 - 78% - 60% - 1:27
2 - 22% - 40% - 0:25
PK3 Defense
1 - 63% - 60% - 1:10
2 - 38% - 40% - 0:42
44 Forward
1 - 65% - 60% - 2:35
2 - 35% - 40% - 1:23
44 Defense
1 - 65% - 60% - 2:34
2 - 35% - 40% - 1:24
Last Minute Offensive - 0:00
Last Minute Defensive - 0:00
Total
Forward - 60:00
Defense - 60:00
|
% Time on Ice - Monarchs
Lines # - Real PCT - Wanted PCT - Time Play
Normal Forward
1 - 36% - 45% - 13:52
2 - 29% - 30% - 10:51
3 - 21% - 15% - 7:51
4 - 14% - 10% - 5:30
Normal Defense
1 - 41% - 40% - 15:46
2 - 26% - 30% - 9:49
3 - 21% - 20% - 8:08
4 - 11% - 10% - 4:21
PP Forward
1 - 56% - 70% - 6:42
2 - 44% - 30% - 5:19
PP Defense
1 - 64% - 70% - 7:43
2 - 36% - 30% - 4:18
PK Forward
1 - 76% - 60% - 4:33
2 - 24% - 40% - 1:24
PK Defense
1 - 58% - 60% - 3:27
2 - 42% - 40% - 2:30
PK3 Forward
1 - 0% - 60%
2 - 0% - 40%
PK3 Defense
1 - 0% - 60%
2 - 0% - 40%
44 Forward
1 - 75% - 60% - 2:59
2 - 25% - 40% - 0:59
44 Defense
1 - 68% - 60% - 2:42
2 - 32% - 40% - 1:16
Last Minute Offensive - 0:00
Last Minute Defensive - 0:00
Total
Forward - 60:00
Defense - 60:00
|
Play by Play
1st period
0:01 of 1st period - Patrik Berglund wins face-off versus Gilbert Brule in neutral zone.
0:07 of 1st period - Icing by Vladimir Mihalik.
0:08 of 1st period - Gilbert Brule wins face-off versus Patrik Berglund in Senators zone.
0:17 of 1st period - Wrist shot by Niklas Hagman.
0:17 of 1st period - Stopped by Braden Holtby with a rebound.
0:19 of 1st period - Slapshot by Ryan Parent.
0:19 of 1st period - Shot Blocked by Raphael Diaz.
0:42 of 1st period - Snap shot by Patrik Berglund.
0:42 of 1st period - Shot Misses the Net.
0:43 of 1st period - Minor Penalty to Raphael Diaz for Goalie Interference.
0:44 of 1st period - Josh Hennessy wins face-off versus Maxime Macenauer in Monarchs zone.
2:43 of 1st period - Penalty to Raphael Diaz is over, Raphael Diaz is back on ice.
5:01 of 1st period - Shane Sims is hit by Kevin Marshall and loses puck.
5:03 of 1st period - Minor Penalty to Jack Skille for Hooking.
5:04 of 1st period - B.J. Crombeen wins face-off versus Patrik Berglund in Senators zone.
6:00 of 1st period - Snap shot by Jonathan Matsumoto.
6:00 of 1st period - Stopped by Jeff Deslauriers with a rebound.
6:06 of 1st period - Wrist shot by Chris Clark.
6:06 of 1st period - Shot Blocked by B.J. Crombeen.
6:08 of 1st period - Slapshot by Chris Clark.
6:08 of 1st period - Deflect By Jonathan Matsumoto.
6:08 of 1st period - Stopped by Jeff Deslauriers without a rebound.
6:09 of 1st period - Gilbert Brule wins face-off versus Patrik Berglund in Senators zone.
7:03 of 1st period - Penalty to Jack Skille is over, Jack Skille is back on ice.
7:14 of 1st period - Wrist shot by Steven Goertzen.
7:14 of 1st period - Shot Misses the Net.
7:16 of 1st period - Slapshot by Dylan Hunter.
7:16 of 1st period - Stopped by Braden Holtby without a rebound.
7:17 of 1st period - Tommy Wingels wins face-off versus Cody Hodgson in Monarchs zone.
8:08 of 1st period - Snap shot by Jason Chimera.
8:08 of 1st period - Shot Blocked by B.J. Crombeen.
8:10 of 1st period - Backhand shot by Alec Martinez.
8:10 of 1st period - Deflect By Patrik Berglund.
8:10 of 1st period - Shot Misses the Net.
8:10 of 1st period - Puck is out of play.
8:11 of 1st period - Cody Hodgson wins face-off versus Patrik Berglund in Senators zone.
8:16 of 1st period - Slapshot by Nikolai Kulemin.
8:16 of 1st period - Stopped by Braden Holtby without a rebound.
8:17 of 1st period - Patrik Berglund wins face-off versus Nikolai Kulemin in Monarchs zone.
8:19 of 1st period - Icing by Jason Chimera.
8:20 of 1st period - Patrik Berglund wins face-off versus Cody Hodgson in Monarchs zone.
9:05 of 1st period - Slapshot by Nikolai Kulemin.
9:05 of 1st period - Shot Blocked by Raphael Diaz.
9:13 of 1st period - Stanislav Chistov is hit by Jason Chimera and loses puck.
9:24 of 1st period - Wrist shot by Jason Chimera.
9:24 of 1st period - Shot Misses the Net.
9:53 of 1st period - Wrist shot by Nikolai Kulemin.
9:53 of 1st period - Goal by Nikolai Kulemin - Senators : 1 - Monarchs : 0.
9:54 of 1st period - Gilbert Brule wins face-off versus Mikkel Boedker in neutral zone.
9:57 of 1st period - Snap shot by B.J. Crombeen.
9:57 of 1st period - Deflect By Gilbert Brule.
9:57 of 1st period - Shot Blocked by Nate Prosser.
9:57 of 1st period - Puck is out of play.
9:58 of 1st period - Jonathan Matsumoto wins face-off versus B.J. Crombeen in Monarchs zone.
11:12 of 1st period - Snap shot by B.J. Crombeen.
11:12 of 1st period - Shot Misses the Net.
11:14 of 1st period - Wrist shot by B.J. Crombeen.
11:14 of 1st period - Stopped by Braden Holtby with a rebound.
11:16 of 1st period - Wrist shot by Gilbert Brule.
11:16 of 1st period - Deflect By B.J. Crombeen.
11:16 of 1st period - Shot Blocked by Sean Zimmerman.
11:16 of 1st period - Puck is out of play.
11:17 of 1st period - Gilbert Brule wins face-off versus Maxime Macenauer in Monarchs zone.
11:24 of 1st period - Slapshot by Gilbert Brule.
11:24 of 1st period - Shot Misses the Net.
11:51 of 1st period - Snap shot by Stanislav Chistov.
11:51 of 1st period - Shot Hit the Post.
12:07 of 1st period - Sean Zimmerman is hit by Steven Goertzen and loses puck.
12:22 of 1st period - Wrist shot by Mikkel Boedker.
12:22 of 1st period - Shot Blocked by Vladimir Mihalik.
12:24 of 1st period - Snap shot by Chris Clark.
12:24 of 1st period - Shot Misses the Net.
12:26 of 1st period - Snap shot by Chris Clark.
12:26 of 1st period - Shot Misses the Net.
12:40 of 1st period - Slapshot by Mikkel Boedker.
12:40 of 1st period - Stopped by Jeff Deslauriers with a rebound.
12:46 of 1st period - Snap shot by Jonathan Matsumoto.
12:46 of 1st period - Shot Blocked by Josh Hennessy.
12:48 of 1st period - Snap shot by Chris Clark.
12:48 of 1st period - Stopped by Jeff Deslauriers without a rebound.
12:49 of 1st period - Patrik Berglund wins face-off versus Gilbert Brule in Senators zone.
12:50 of 1st period - Snap shot by Jason Chimera.
12:50 of 1st period - Shot Blocked by Logan Stephenson.
13:01 of 1st period - Minor Penalty to Logan Stephenson for Interference.
13:02 of 1st period - B.J. Crombeen wins face-off versus Patrik Berglund in Senators zone.
15:01 of 1st period - Penalty to Logan Stephenson is over, Logan Stephenson is back on ice.
15:16 of 1st period - Snap shot by Steven Goertzen.
15:16 of 1st period - Deflect By Dylan Hunter.
15:16 of 1st period - Shot Blocked by Nate Prosser.
15:16 of 1st period - Puck is out of play.
15:17 of 1st period - Tommy Wingels wins face-off versus Cody Hodgson in Monarchs zone.
15:17 of 1st period - Tommy Wingels is hit by Logan Stephenson.
15:27 of 1st period - Wrist shot by Denis Hamel.
15:27 of 1st period - Shot Blocked by Logan Stephenson.
15:41 of 1st period - Jack Skille is hit by Alec Martinez.
15:49 of 1st period - Wrist shot by Josh Hennessy.
15:49 of 1st period - Shot Blocked by Colby Robak.
15:51 of 1st period - Slapshot by Milan Jurcina.
15:51 of 1st period - Stopped by Braden Holtby without a rebound.
15:52 of 1st period - Gilbert Brule wins face-off versus Patrik Berglund in Monarchs zone.
15:55 of 1st period - Wrist shot by Gilbert Brule.
15:55 of 1st period - Shot Misses the Net.
15:57 of 1st period - Wrist shot by Gilbert Brule.
15:57 of 1st period - Deflect By Niklas Hagman.
15:57 of 1st period - Stopped by Braden Holtby without a rebound.
15:58 of 1st period - Patrik Berglund wins face-off versus Gilbert Brule in Monarchs zone.
16:05 of 1st period - Wrist shot by B.J. Crombeen.
16:05 of 1st period - Stopped by Braden Holtby without a rebound.
16:06 of 1st period - Gilbert Brule wins face-off versus Patrik Berglund in Monarchs zone.
16:09 of 1st period - Slapshot by B.J. Crombeen.
16:09 of 1st period - Goal by B.J. Crombeen - Senators : 2 - Monarchs : 0.
16:10 of 1st period - Jason Chimera wins face-off versus Gilbert Brule in neutral zone.
16:19 of 1st period - Snap shot by Jason Chimera.
16:19 of 1st period - Shot Misses the Net.
17:05 of 1st period - Snap shot by Jack Skille.
17:05 of 1st period - Stopped by Braden Holtby without a rebound.
17:06 of 1st period - Gilbert Brule wins face-off versus Patrik Berglund in Monarchs zone.
17:07 of 1st period - Snap shot by B.J. Crombeen.
17:07 of 1st period - Shot Blocked by Nate Prosser.
17:09 of 1st period - Slapshot by Gilbert Brule.
17:09 of 1st period - Shot Misses the Net.
17:11 of 1st period - Slapshot by Niklas Hagman.
17:11 of 1st period - Deflect By B.J. Crombeen.
17:11 of 1st period - Shot Misses the Net.
17:11 of 1st period - Puck is out of play.
17:12 of 1st period - Gilbert Brule wins face-off versus Patrik Berglund in Monarchs zone.
17:23 of 1st period - Wrist shot by Jason Chimera.
17:23 of 1st period - Shot Misses the Net.
17:37 of 1st period - Wrist shot by Jack Skille.
17:37 of 1st period - Goal by Jack Skille - Senators : 3 - Monarchs : 0.
17:38 of 1st period - Gilbert Brule wins face-off versus Patrik Berglund in neutral zone.
17:41 of 1st period - Patrik Berglund is hit by Niklas Hagman.
17:51 of 1st period - Wrist shot by Jarret Stoll.
17:51 of 1st period - Goal by Jarret Stoll - Senators : 3 - Monarchs : 1.
17:52 of 1st period - Patrik Berglund wins face-off versus Gilbert Brule in neutral zone.
17:55 of 1st period - Wrist shot by Patrik Berglund.
17:55 of 1st period - Shot Misses the Net.
17:57 of 1st period - Slapshot by Sean Zimmerman.
17:57 of 1st period - Stopped by Jeff Deslauriers without a rebound.
17:58 of 1st period - Gilbert Brule wins face-off versus Patrik Berglund in Senators zone.
18:03 of 1st period - Slapshot by Gilbert Brule.
18:03 of 1st period - Shot Blocked by Raphael Diaz.
18:56 of 1st period - Wrist shot by Denis Hamel.
18:56 of 1st period - Stopped by Jeff Deslauriers with a rebound.
18:58 of 1st period - Slapshot by Raphael Diaz.
18:58 of 1st period - Deflect By Tommy Wingels.
18:58 of 1st period - Stopped by Jeff Deslauriers with a rebound.
19:00 of 1st period - Slapshot by Tommy Wingels.
19:00 of 1st period - Stopped by Jeff Deslauriers without a rebound.
19:01 of 1st period - Jason Chimera wins face-off versus Gilbert Brule in Senators zone.
19:31 of 1st period - Wrist shot by Stanislav Chistov.
19:31 of 1st period - Deflect By Nate Prosser.
19:31 of 1st period - Stopped by Braden Holtby with a rebound.
19:51 of 1st period - Chris Clark is hit by Jack Skille and loses puck.
2nd period
0:01 of 2nd period - Gilbert Brule wins face-off versus Patrik Berglund in neutral zone.
0:10 of 2nd period - Snap shot by Gilbert Brule.
0:10 of 2nd period - Stopped by Braden Holtby without a rebound.
0:11 of 2nd period - Patrik Berglund wins face-off versus Niklas Hagman in Monarchs zone.
0:11 of 2nd period - Patrik Berglund is hit by Niklas Hagman.
2:11 of 2nd period - Wrist shot by Mikkel Boedker.
2:11 of 2nd period - Shot Misses the Net.
2:31 of 2nd period - Snap shot by Stanislav Chistov.
2:31 of 2nd period - Stopped by Braden Holtby with a rebound.
2:33 of 2nd period - Slapshot by Logan Stephenson.
2:33 of 2nd period - Stopped by Braden Holtby with a rebound.
2:35 of 2nd period - Wrist shot by Stanislav Chistov.
2:35 of 2nd period - Stopped by Braden Holtby with a rebound.
2:37 of 2nd period - Slapshot by Logan Stephenson.
2:37 of 2nd period - Deflect By Stanislav Chistov.
2:37 of 2nd period - Shot Misses the Net.
2:37 of 2nd period - Puck is out of play.
2:38 of 2nd period - Patrik Berglund wins face-off versus Cody Hodgson in Monarchs zone.
2:43 of 2nd period - Slapshot by Jason Chimera.
2:43 of 2nd period - Stopped by Jeff Deslauriers with a rebound.
2:45 of 2nd period - Slapshot by Jarret Stoll.
2:45 of 2nd period - Goal by Jarret Stoll - Senators : 3 - Monarchs : 2.
2:46 of 2nd period - Patrik Berglund wins face-off versus Gilbert Brule in neutral zone.
3:11 of 2nd period - Jonathan Matsumoto is hit by Vladimir Mihalik and loses puck.
4:37 of 2nd period - Wrist shot by Mikkel Boedker.
4:37 of 2nd period - Stopped by Jeff Deslauriers with a rebound.
4:55 of 2nd period - Slapshot by Denis Hamel.
4:55 of 2nd period - Shot Misses the Net.
4:57 of 2nd period - Snap shot by Travis Hamonic.
4:57 of 2nd period - Shot Misses the Net.
4:59 of 2nd period - Slapshot by Nate Prosser.
4:59 of 2nd period - Shot Misses the Net.
5:01 of 2nd period - Snap shot by Tommy Wingels.
5:01 of 2nd period - Shot Blocked by Brett Sterling.
5:03 of 2nd period - Snap shot by Nate Prosser.
5:03 of 2nd period - Stopped by Jeff Deslauriers without a rebound.
5:04 of 2nd period - Gilbert Brule wins face-off versus Patrik Berglund in Senators zone.
5:36 of 2nd period - Snap shot by Mikkel Boedker.
5:36 of 2nd period - Stopped by Jeff Deslauriers without a rebound.
5:37 of 2nd period - Jonathan Matsumoto wins face-off versus Cody Hodgson in Senators zone.
5:48 of 2nd period - Slapshot by Jonathan Matsumoto.
5:48 of 2nd period - Stopped by Jeff Deslauriers with a rebound.
5:56 of 2nd period - Minor Penalty to Jonathan Matsumoto for Holding.
5:56 of 2nd period - Minor Penalty to Ryan Parent for Tripping.
5:57 of 2nd period - B.J. Crombeen wins face-off versus Jarret Stoll in neutral zone.
6:09 of 2nd period - Snap shot by Jarret Stoll.
6:09 of 2nd period - Stopped by Jeff Deslauriers without a rebound.
6:10 of 2nd period - Jarret Stoll wins face-off versus B.J. Crombeen in Senators zone.
6:26 of 2nd period - Slapshot by Nate Prosser.
6:26 of 2nd period - Stopped by Jeff Deslauriers without a rebound.
6:27 of 2nd period - Jarret Stoll wins face-off versus B.J. Crombeen in Senators zone.
6:36 of 2nd period - Logan Stephenson is hit by Jarret Stoll and loses puck.
7:03 of 2nd period - Wrist shot by Gilbert Brule.
7:03 of 2nd period - Shot Blocked by Nate Prosser.
7:05 of 2nd period - Backhand shot by Logan Stephenson.
7:05 of 2nd period - Deflect By Gilbert Brule.
7:05 of 2nd period - Stopped by Braden Holtby without a rebound.
7:06 of 2nd period - Nikolai Kulemin wins face-off versus Patrik Berglund in Monarchs zone.
7:23 of 2nd period - Slapshot by Raphael Diaz.
7:23 of 2nd period - Shot Blocked by Karl Alzner.
7:56 of 2nd period - Penalty to Jonathan Matsumoto is over, Jonathan Matsumoto is back on ice.
7:56 of 2nd period - Penalty to Ryan Parent is over, Ryan Parent is back on ice.
7:58 of 2nd period - Slapshot by Ryan Parent.
7:58 of 2nd period - Shot Blocked by Sean Zimmerman.
8:02 of 2nd period - Snap shot by Gilbert Brule.
8:02 of 2nd period - Stopped by Braden Holtby with a rebound.
8:04 of 2nd period - Snap shot by Gilbert Brule.
8:04 of 2nd period - Deflect By Nate Prosser.
8:04 of 2nd period - Shot Misses the Net.
8:04 of 2nd period - Puck is out of play.
8:05 of 2nd period - Tommy Wingels wins face-off versus Josh Hennessy in Monarchs zone.
8:05 of 2nd period - Tommy Wingels is hit by Vladimir Mihalik.
8:16 of 2nd period - Minor Penalty to Tommy Wingels for Hooking.
8:17 of 2nd period - Gilbert Brule wins face-off versus Maxime Macenauer in Monarchs zone.
8:22 of 2nd period - Wrist shot by B.J. Crombeen.
8:22 of 2nd period - Stopped by Braden Holtby with a rebound.
9:15 of 2nd period - Milan Jurcina is hit by Nate Prosser and loses puck.
9:46 of 2nd period - Jason Chimera is hit by Karl Alzner and loses puck.
10:09 of 2nd period - Snap shot by Denis Hamel.
10:09 of 2nd period - Shot Misses the Net.
10:16 of 2nd period - Penalty to Tommy Wingels is over, Tommy Wingels is back on ice.
10:41 of 2nd period - Snap shot by Patrik Berglund.
10:41 of 2nd period - Shot Misses the Net.
11:15 of 2nd period - Wrist shot by Maxime Macenauer.
11:15 of 2nd period - Stopped by Jeff Deslauriers with a rebound.
12:24 of 2nd period - Snap shot by Jarret Stoll.
12:24 of 2nd period - Deflect By Patrik Berglund.
12:24 of 2nd period - Stopped by Jeff Deslauriers with a rebound.
12:41 of 2nd period - Icing by Nate Prosser.
12:42 of 2nd period - Mikkel Boedker wins face-off versus Mark Olver in Monarchs zone.
12:42 of 2nd period - Mikkel Boedker is hit by Dylan Hunter.
12:56 of 2nd period - Icing by Steven Goertzen.
12:57 of 2nd period - Patrik Berglund wins face-off versus Mark Olver in Senators zone.
13:08 of 2nd period - Slapshot by Vladimir Mihalik.
13:08 of 2nd period - Stopped by Braden Holtby with a rebound.
13:10 of 2nd period - Slapshot by Ryan Parent.
13:10 of 2nd period - Stopped by Braden Holtby with a rebound.
13:12 of 2nd period - Slapshot by Dylan Hunter.
13:12 of 2nd period - Deflect By Sean Zimmerman.
13:12 of 2nd period - Shot Misses the Net.
13:12 of 2nd period - Puck is out of play.
13:13 of 2nd period - Jonathan Matsumoto wins face-off versus Gilbert Brule in Monarchs zone.
13:13 of 2nd period - Minor Penalty to Mikkel Boedker for Hooking.
13:13 of 2nd period - Minor Penalty to Vladimir Mihalik for Slashing.
13:14 of 2nd period - B.J. Crombeen wins face-off versus Jarret Stoll in Monarchs zone.
13:21 of 2nd period - Ryan Parent is hit by Patrik Berglund and loses puck.
14:24 of 2nd period - Snap shot by Jack Skille.
14:24 of 2nd period - Shot Misses the Net.
15:13 of 2nd period - Penalty to Mikkel Boedker is over, Mikkel Boedker is back on ice.
15:13 of 2nd period - Penalty to Vladimir Mihalik is over, Vladimir Mihalik is back on ice.
15:40 of 2nd period - Minor Penalty to Stanislav Chistov for Holding.
15:41 of 2nd period - Patrik Berglund wins face-off versus B.J. Crombeen in Senators zone.
15:54 of 2nd period - Slapshot by Mikkel Boedker.
15:54 of 2nd period - Stopped by Jeff Deslauriers without a rebound.
15:55 of 2nd period - Patrik Berglund wins face-off versus B.J. Crombeen in Senators zone.
16:06 of 2nd period - Snap shot by Mikkel Boedker.
16:06 of 2nd period - Stopped by Jeff Deslauriers with a rebound.
16:08 of 2nd period - Snap shot by Jarret Stoll.
16:08 of 2nd period - Shot Blocked by Ryan Parent.
16:10 of 2nd period - Snap shot by Mikkel Boedker.
16:10 of 2nd period - Shot Blocked by Ryan Parent.
16:56 of 2nd period - Slapshot by Milan Jurcina.
16:56 of 2nd period - Stopped by Braden Holtby with a rebound.
17:40 of 2nd period - Penalty to Stanislav Chistov is over, Stanislav Chistov is back on ice.
17:50 of 2nd period - Snap shot by Tommy Wingels.
17:50 of 2nd period - Stopped by Jeff Deslauriers with a rebound.
18:23 of 2nd period - Minor Penalty to Vladimir Mihalik for Hooking.
18:24 of 2nd period - Patrik Berglund wins face-off versus B.J. Crombeen in Senators zone.
3rd period
0:01 of 3rd period - B.J. Crombeen wins face-off versus Jarret Stoll in neutral zone.
0:23 of 3rd period - Penalty to Vladimir Mihalik is over, Vladimir Mihalik is back on ice.
0:55 of 3rd period - Snap shot by Brett Sterling.
0:55 of 3rd period - Stopped by Braden Holtby without a rebound.
0:56 of 3rd period - Niklas Hagman wins face-off versus Jonathan Matsumoto in Monarchs zone.
1:30 of 3rd period - Slapshot by Nate Prosser.
1:30 of 3rd period - Stopped by Jeff Deslauriers with a rebound.
1:54 of 3rd period - Snap shot by Tommy Wingels.
1:54 of 3rd period - Shot Misses the Net.
2:06 of 3rd period - Slapshot by Ryan Parent.
2:06 of 3rd period - Shot Blocked by Raphael Diaz.
2:08 of 3rd period - Slapshot by Steven Goertzen.
2:08 of 3rd period - Shot Misses the Net.
2:30 of 3rd period - Slapshot by Raphael Diaz.
2:30 of 3rd period - Stopped by Jeff Deslauriers with a rebound.
2:32 of 3rd period - Wrist shot by Mikkel Boedker.
2:32 of 3rd period - Goal by Mikkel Boedker - Senators : 3 - Monarchs : 3.
2:33 of 3rd period - Gilbert Brule wins face-off versus Patrik Berglund in neutral zone.
2:38 of 3rd period - Backhand shot by Raphael Diaz.
2:38 of 3rd period - Shot Misses the Net.
2:50 of 3rd period - Gilbert Brule is hit by Sean Zimmerman and loses puck.
3:02 of 3rd period - Off-side.
3:03 of 3rd period - Jonathan Matsumoto wins face-off versus Cody Hodgson in neutral zone.
3:19 of 3rd period - Off-side.
3:20 of 3rd period - Gilbert Brule wins face-off versus Jason Chimera in neutral zone.
3:25 of 3rd period - Wrist shot by Niklas Hagman.
3:25 of 3rd period - Deflect By Patrik Berglund.
3:25 of 3rd period - Shot Blocked by Patrik Berglund.
3:25 of 3rd period - Puck is out of play.
3:26 of 3rd period - Gilbert Brule wins face-off versus Patrik Berglund in Monarchs zone.
4:00 of 3rd period - Snap shot by Jack Skille.
4:00 of 3rd period - Shot Misses the Net.
4:40 of 3rd period - Snap shot by Mikkel Boedker.
4:40 of 3rd period - Shot Misses the Net.
4:44 of 3rd period - Wrist shot by Mikkel Boedker.
4:44 of 3rd period - Stopped by Jeff Deslauriers with a rebound.
4:59 of 3rd period - Minor Penalty to Karl Alzner for Hooking.
5:00 of 3rd period - Jonathan Matsumoto wins face-off versus B.J. Crombeen in Senators zone.
6:59 of 3rd period - Penalty to Karl Alzner is over, Karl Alzner is back on ice.
7:06 of 3rd period - Snap shot by Denis Hamel.
7:06 of 3rd period - Shot Blocked by Brett Sterling.
7:14 of 3rd period - Snap shot by Denis Hamel.
7:14 of 3rd period - Shot Misses the Net.
8:02 of 3rd period - Jason Chimera is hit by B.J. Crombeen and loses puck.
8:17 of 3rd period - Slapshot by Milan Jurcina.
8:17 of 3rd period - Shot Misses the Net.
10:03 of 3rd period - Slapshot by Gilbert Brule.
10:03 of 3rd period - Stopped by Braden Holtby with a rebound.
10:05 of 3rd period - Snap shot by B.J. Crombeen.
10:05 of 3rd period - Shot Misses the Net.
10:07 of 3rd period - Snap shot by B.J. Crombeen.
10:07 of 3rd period - Stopped by Braden Holtby with a rebound.
11:14 of 3rd period - Logan Stephenson is hit by Patrik Berglund and loses puck.
11:31 of 3rd period - Wrist shot by Stanislav Chistov.
11:31 of 3rd period - Goal by Stanislav Chistov - Senators : 4 - Monarchs : 3.
11:32 of 3rd period - Gilbert Brule wins face-off versus Jonathan Matsumoto in neutral zone.
11:40 of 3rd period - Minor Penalty to Chris Clark for Hooking.
11:41 of 3rd period - Maxime Macenauer wins face-off versus Niklas Hagman in Monarchs zone.
12:33 of 3rd period - B.J. Crombeen is hit by Denis Hamel and loses puck.
13:40 of 3rd period - Penalty to Chris Clark is over, Chris Clark is back on ice.
13:47 of 3rd period - Jason Chimera is hit by Dylan Hunter and loses puck.
14:11 of 3rd period - Snap shot by Logan Stephenson.
14:11 of 3rd period - Deflect By Steven Goertzen.
14:11 of 3rd period - Shot Misses the Net.
14:11 of 3rd period - Puck is out of play.
14:12 of 3rd period - Tommy Wingels wins face-off versus Josh Hennessy in Monarchs zone.
14:12 of 3rd period - Tommy Wingels is hit by Brett Sterling.
14:29 of 3rd period - Icing by Denis Hamel.
14:30 of 3rd period - Maxime Macenauer wins face-off versus Gilbert Brule in Monarchs zone.
14:30 of 3rd period - Maxime Macenauer is hit by B.J. Crombeen.
14:33 of 3rd period - Minor Penalty to Milan Jurcina for Holding.
14:34 of 3rd period - Patrik Berglund wins face-off versus B.J. Crombeen in Senators zone.
14:39 of 3rd period - Slapshot by Mikkel Boedker.
14:39 of 3rd period - Stopped by Jeff Deslauriers with a rebound.
14:40 of 3rd period - Minor Penalty to Vladimir Mihalik for Delaying the game.
14:41 of 3rd period - B.J. Crombeen wins face-off versus Patrik Berglund in Senators zone.
14:41 of 3rd period - B.J. Crombeen is hit by Sean Zimmerman.
16:09 of 3rd period - Jarret Stoll is hit by Karl Alzner and loses puck.
16:33 of 3rd period - Penalty to Milan Jurcina is over, Milan Jurcina is back on ice.
16:40 of 3rd period - Penalty to Vladimir Mihalik is over, Vladimir Mihalik is back on ice.
17:05 of 3rd period - Snap shot by Steven Goertzen.
17:05 of 3rd period - Stopped by Braden Holtby without a rebound.
17:06 of 3rd period - Josh Hennessy wins face-off versus Jonathan Matsumoto in Monarchs zone.
17:09 of 3rd period - Slapshot by Josh Hennessy.
17:09 of 3rd period - Shot Misses the Net.
17:11 of 3rd period - Slapshot by Josh Hennessy.
17:11 of 3rd period - Stopped by Braden Holtby without a rebound.
17:12 of 3rd period - Josh Hennessy wins face-off versus Jonathan Matsumoto in Monarchs zone.
17:13 of 3rd period - Snap shot by Brett Sterling.
17:13 of 3rd period - Shot Hit the Post.
17:15 of 3rd period - Slapshot by Ryan Parent.
17:15 of 3rd period - Stopped by Braden Holtby with a rebound.
17:17 of 3rd period - Snap shot by Jack Skille.
17:17 of 3rd period - Shot Misses the Net.
17:19 of 3rd period - Slapshot by Jack Skille.
17:19 of 3rd period - Shot Misses the Net.
17:21 of 3rd period - Slapshot by Jack Skille.
17:21 of 3rd period - Stopped by Braden Holtby with a rebound.
17:23 of 3rd period - Backhand shot by Ryan Parent.
17:23 of 3rd period - Stopped by Braden Holtby with a rebound.
17:25 of 3rd period - Wrist shot by Josh Hennessy.
17:25 of 3rd period - Goal by Josh Hennessy - Senators : 5 - Monarchs : 3.
17:26 of 3rd period - Josh Hennessy wins face-off versus Tommy Wingels in neutral zone.
18:22 of 3rd period - Slapshot by Nate Prosser.
18:22 of 3rd period - Stopped by Jeff Deslauriers with a rebound.
18:32 of 3rd period - Cody Hodgson is hit by Mikkel Boedker and loses puck.
19:25 of 3rd period - Icing by Kevin Marshall.
19:26 of 3rd period - Mikkel Boedker wins face-off versus Cody Hodgson in Monarchs zone.
Output by the SimonT Hockey Simulator (STHS) for François Prévost -- Original Page W3C XHTML 1.0 Valid